 Dungeon Crawl Stone Soup version 0.20-a0-502-g555d78b (webtiles) character file.

40910 nono the Nimble (level 14, -6/81 HPs)
             Began as a Halfling Necromancer on Jan 20, 2017.
             Was a High Priest of Hepliaklqana.
             Mangled by a sun demon (16 damage)
             ... summoned by an orc sorcerer
             ... on level 2 of the Orcish Mines.
             The game lasted 02:06:00 (19402 turns).

nono the Nimble (Halfling Necromancer)             Turns: 19402, Time: 02:06:00

Health: -6/81      AC: 11    Str: 13    XL:     14   Next: 47%
Magic:  0/26       EV: 26    Int: 13    God:    Hepliaklqana [*****.]
Gold:   1732       SH:  0    Dex: 16    Spells: 4/16 levels left

rFire    . . .     SeeInvis .   v - +1 short sword (distort)
rCold    . . .     Gourm    .   L - +0 steam dragon scales
rNeg     . . .     Faith    .   (shield restricted)
rPois    +         Spirit   +   (no helmet)
rElec    .         Reflect  .   (no cloak)
rCorr    .         Harm     .   r - +0 pair of gloves
MR       +....                  A - +0 pair of boots (curse)
Stlth    ++........             y - amulet of guardian spirit
Regen    0.3/turn               i - ring of poison resistance
                                h - ring of magical power

@: about to teleport, very slightly contaminated, repel missiles
A: reduced essence, mutation resistance 1
a: Recall Ancestor, Ancestor Identity, Transference, Idealise, Renounce Religion


You were on level 2 of the Orcish Mines.
You worshipped Hepliaklqana.
Hepliaklqana was extremely pleased with you.
You were very hungry.

You visited 3 branches of the dungeon, and saw 19 of its levels.

You collected 1782 gold pieces.
You spent 50 gold pieces at shops.

Inventory:

Hand Weapons
 u - a +0 scimitar
 v - a +1 short sword of distortion (weapon)
 J - the +7 flail of Oqexini {pain, rPois rF+}
   (You found it on level 6 of the Dungeon)

   In the hands of one skilled in necromantic magic, it inflicts extra damage on
   living creatures.
   It protects you from fire.
   It protects you from poison.
 Z - the cursed +1 short sword "Yloed" {speed, *Slow rElec rC+++ MR-}
   (You found it on level 10 of the Dungeon)

   Attacks with this weapon are significantly faster.
   It renders you almost immune to cold.
   It insulates you from electricity.
   It affects your resistance to hostile enchantments.
   It may slow you when you take damage.
   It has a curse placed upon it.
Missiles
 g - 64 sling bullets
 q - 3 throwing nets (quivered)
Armour
 e - a +2 ring mail of cold resistance
 r - a +0 pair of gloves (worn)
 A - a cursed +0 pair of boots (worn)
 L - +0 steam dragon scales (worn)
 V - a +0 plate armour
Jewellery
 d - an uncursed ring of stealth {unknown}
 h - a ring of magical power (left hand)
 i - a ring of poison resistance (right hand)
 y - an amulet of guardian spirit (around neck)
 E - an uncursed ring of ice
 S - a +2 amulet of reflection {unknown}
Wands
 w - a wand of iceblast (4/15)
 x - a wand of enslavement (7/24)
 M - a wand of polymorph (14/24)
 X - a wand of digging (15/24)
 Y - a wand of lightning (0/15)
Scrolls
 f - a scroll of immolation
 m - 14 scrolls of remove curse
 s - a scroll of fog
 t - 2 scrolls of noise
 G - 3 scrolls of teleportation
 N - a scroll of holy word
 Q - a scroll of amnesia
 R - a scroll of enchant weapon {unknown}
Potions
 j - 5 potions of lignification
 k - 8 potions of curing
 l - 2 potions of heal wounds
 p - 2 potions of mutation
 B - 2 potions of agility
 C - 3 potions of flight
 D - 3 potions of cancellation
 K - a potion of invisibility
 O - a potion of haste
 P - a potion of berserk rage
Books
 b - a book of Necromancy

   Spells                             Type                      Level
   a - Pain                           Necromancy                   1
   b - Animate Skeleton               Necromancy                   1
   c - Vampiric Draining              Necromancy                   3
   d - Regeneration                   Charms/Necromancy            3
   e - Animate Dead                   Necromancy                   4
   f - Control Undead                 Necromancy                   4
 z - a book of Unlife

   Spells                             Type                      Level
   a - Recall                         Summoning/Translocation      3
   b - Animate Dead                   Necromancy                   4
   c - Control Undead                 Necromancy                   4
   d - Cigotuvi's Embrace             Necromancy                   5
   e - Death Channel                  Necromancy                   6
   f - Simulacrum                     Ice/Necromancy               6
 H - a book of Minor Magic

   Spells                             Type                      Level
   a - Magic Dart                     Conjuration                  1
   b - Blink                          Translocation                2
   c - Call Imp                       Summoning                    2
   d - Repel Missiles                 Charms/Air                   2
   e - Slow                           Hexes                        2
   f - Conjure Flame                  Conjuration/Fire             3
   g - Mephitic Cloud                 Conjuration/Poison/Air       3
 W - a book of Frost

   Spells                             Type                      Level
   a - Freeze                         Ice                          1
   b - Throw Frost                    Conjuration/Ice              2
   c - Ozocubu's Armour               Charms/Ice                   3
   d - Throw Icicle                   Conjuration/Ice              4
   e - Summon Ice Beast               Ice/Summoning                4
Comestibles
 a - a royal jelly
 c - 7 bread rations
 n - 3 chunks of flesh
 o - 5 fruits
 F - 10 meat rations
 T - 4 beef jerkies
 U - 10 slices of pizza


   Skills:
 - Level 6.8 Fighting
 - Level 12.2(12.5) Short Blades
 + Level 3.9(7.8) Long Blades
 + Level 13.1 Armour
 + Level 13.6 Dodging
 - Level 2.5 Stealth
 - Level 1.5 Spellcasting
 - Level 5.0 Charms
 - Level 5.4 Necromancy
 - Level 5.0 Translocations
 - Level 5.0 Invocations


You had 4 spell levels left.
You knew the following spells:

 Your Spells              Type           Power        Failure   Level  Hunger
a - Pain                  Necr           ###.         3%          1    ##.....
b - Animate Dead          Necr           N/A          34%         4    #####..
d - Regeneration          Chrm/Necr      ##........   12%         3    ####...
e - Repel Missiles        Chrm/Air       #.....       17%         2    ###....
f - Blink                 Tloc           N/A          8%          2    ###....


Dungeon Overview and Level Annotations

Branches:
Dungeon (11/15)            Temple (0/1) D:4            Lair (6/6) D:9
 Shoals (0/4) Lair:4        Snake (0/4) Lair:3          Orc (2/2) D:11
    Elf (0/3) Orc:2
  Slime: Lair:5-6

Altars:
Ashenzari
Cheibriados
Dithmenos
Elyvilon
Fedhas
Hepliaklqana
Nemelex Xobeh
Okawaru
Qazlal
Ru
Sif Muna
Uskayaw
Xom

Shops:
D:4 (   D:11 (   Orc:1 [   Orc:2 !*

Portals:
Trove: D:10 (give 18 potions of curing)

Annotations:
D:2 1 runed door
Lair:3 exclusion: oklob plant
Lair:4 exclusion: oklob plant
Orc:2 exclusion: oklob plant
Abyss:1 Pikel


Innate Abilities, Weirdness & Mutations

You are small and have problems with some larger weapons.
You are somewhat resistant to further mutation.
Your life essence is reduced. (-10% HP)


Message History

Baka resists.
The orc sorcerer hits Baka but does no damage.
Baka hits the orc sorcerer with a flail!!
The orc sorcerer dies!
The orc sorcerer casts a spell at you.
The bolt of fire hits Baka.
Baka resists.
Baka is destroyed!
The bolt of fire hits you!
* * * LOW HITPOINT WARNING * * *
As you read the scroll of fog, it crumbles to dust.
The scroll dissolves into smoke.
The orc sorcerer casts a spell at you.
The bolt of negative energy hits the sun demon.
The sun demon completely resists.
The bolt of negative energy misses you.
As you read the scroll of teleportation, it crumbles to dust.
You feel strangely unstable. The sun demon hits you!
* * * LOW HITPOINT WARNING * * *
You are engulfed in flames!!
You die...

..............#####........##
..............# ####..(...##
.............####.###.(..##
............####...###.###
............###.....####
...........###.#...#.## ..
#... ..)[......###..oo§....##
##.##..# .(.......##
...#3#§#)).## .......
).......## ##@..##.))##
...... .......##
#§§#..##...## #.... ......##
#..###..##)).###.... .)...##
#..## #..##.#.###... ...)##
#..# #..##(..###.[ .....##
##. .##.#.###..( .....)# .##
##...###.(.. .......# ..
##...###([.() ....##..# ...#
##...###..##.#


You could see an orc knight, a sun demon and an orc sorcerer.

Vanquished Creatures
  Harold (Lair:1)
  2 hydras
  Urug (Lair:2)
  2 orc high priests (Orc:2)
  A sun demon (Orc:2)
  An unseen horror (D:11)
  2 orc knights (Orc:2)
  A cyclops (Orc:1)
  2 orc sorcerers (Orc:2)
  3 elephants (Lair:5)
  A black mamba (Lair:1)
  6 spiny frogs
  A rime drake (Lair:3)
  2 komodo dragons
  A polar bear (Lair:2)
  2 trolls
  15 blink frogs
  5 dream sheep (Lair:4)
  3 hippogriffs
  3 wyverns
  2 steam dragons
  3 yaks (Lair:1)
  A human (D:9)
  2 chaos spawn (D:9)
  3 hungry ghosts
  2 wargs (Orc:2)
  5 nagas (Lair:3)
  6 porcupines
  5 water moccasins
  2 sky beasts
  20 orc warriors
  An ice beast (D:8)
  3 black bears
  3 ogres
  4 wolves (Lair:2)
  A centaur (D:11)
  8 crocodiles
  Blork the orc (D:5)
  A big kobold (D:7)
  10 bullfrogs
  A scorpion (D:9)
  3 killer bees (D:7)
  4 wights (D:9)
  2 howler monkeys
  5 crimson imps
  A quasit (D:6)
  A jelly (D:6)
  2 hounds
  6 orc wizards
  16 orc priests
  3 centaur skeletons
  3 iguanas
  6 worker ants
  A hound skeleton (D:5)
  A hound zombie (D:5)
  2 river rats (Lair:3)
  8 adders
  A shadow imp (D:6)
  An adder skeleton (D:7)
  A worm (D:3)
  A dart slug (D:1)
  2 leopard geckos (D:3)
  42 orcs
  5 ball pythons
  8 giant cockroaches
  9 goblins
  8 hobgoblins
  9 jackals
  3 quokkas
  9 bats
  4 frilled lizards (D:1)
  A giant cockroach zombie (D:6)
  A jackal skeleton (D:5)
  9 kobolds
  2 leopard gecko skeletons (D:4)
  A leopard gecko zombie (D:7)
  9 rats
  4 plants (Lair:3)
333 creatures vanquished.

Vanquished Creatures (collateral kills)
  A hydra (Lair:2)
  A torturous demonspawn (Orc:2)
  A manticore (Lair:4)
  2 orc sorcerers (Orc:2)
  A komodo dragon (Lair:1)
  A rime drake (Lair:4)
  A hellwing (Orc:1)
  A troll (Orc:2)
  3 blink frogs
  6 dream sheep (Lair:4)
  2 hippogriffs
  Eustachio (D:5)
  A yak (Lair:1)
  A hog (D:9)
  A naga (Lair:3)
  A water moccasin (Lair:2)
  4 orc warriors
  A sky beast (D:9)
  2 ice beasts
  2 black bears (Lair:2)
  4 ogres
  A wolf (Lair:2)
  3 crocodiles
  6 bullfrogs
  A scorpion (D:5)
  A crimson imp (D:7)
  A hound (D:6)
  2 orc wizards (Orc:2)
  3 orc priests (Orc:2)
  2 worker ants
  An adder (D:4)
  A shadow imp (D:10)
  19 orcs
  3 jackals
  3 kobolds (D:7)
  A fungus (Lair:5)
  2 plants
88 creatures vanquished.

Vanquished Creatures (others)
  2 orc knights (Orc:2)
  4 orc sorcerers
  An elephant (Lair:5)
  A smoke demon (Orc:2)
  3 spiny frogs
  2 komodo dragons
  2 trolls (Orc:1)
  A polar bear (Lair:3)
  7 blink frogs
  A dream sheep (Lair:4)
  A hippogriff (D:9)
  2 wyverns
  A yak (Lair:1)
  A naga (Lair:3)
  2 water moccasins
  A porcupine (Lair:1)
  A black bear (Lair:2)
  4 orc warriors
  2 ogres
  A crocodile (Lair:6)
  A bullfrog (Lair:3)
  A crimson imp (D:9)
  An orc priest (Orc:1)
  An orc wizard (D:8)
  An iguana (D:9)
  6 knights
  A worker ant (D:6)
  2 hound skeletons
  An adder (D:4)
  A river rat (Lair:3)
  6 ancestors
  A leopard gecko (D:8)
  5 orcs
  3 jackals (D:5)
  A quokka (D:8)
  8 fungi
  13 plants
93 creatures vanquished.

Grand Total: 514 creatures vanquished

Notes
Turn   | Place    | Note
-------+----------+-------------------------------------------
     0 | D:1      | nono the Halfling Necromancer began the quest for the Orb.
     0 | D:1      | Reached XP level 1. HP: 11/11 MP: 3/3
   359 | D:1      | Reached XP level 2. HP: 10/17 MP: 2/4
   989 | D:1      | Reached XP level 3. HP: 17/21 MP: 5/5
  1624 | D:2      | Found a snail-covered altar of Cheibriados.
  1950 | D:2      | Reached XP level 4. HP: 21/27 MP: 6/6
  2448 | D:2      | Found a runed door.
  2738 | D:3      | Reached skill level 5 in Necromancy
  2738 | D:3      | Reached XP level 5. HP: 7/31 MP: 3/7
  3036 | D:2      | Learned a level 4 spell: Animate Dead
  3111 | D:3      | Learned a level 1 spell: Animate Skeleton
  3832 | D:3      | Reached XP level 6. HP: 25/36 MP: 8/8
  3845 | D:3      | Found a hazy altar of Hepliaklqana.
  3856 | D:3      | Became a worshipper of Hepliaklqana the Forgotten
  3870 | D:3      | Found a blossoming altar of Fedhas.
  3871 | D:3      | Found a deep blue altar of Sif Muna.
  4189 | D:4      | Found an iron altar of Okawaru.
  4206 | D:4      | Reached skill level 1 in Short Blades
  4491 | D:4      | Reached skill level 1 in Armour
  4498 | D:4      | Found a staircase to the Ecumenical Temple.
  4530 | D:4      | Found Juha's Antique Weapon Boutique.
  4902 | D:5      | Entered Level 5 of the Dungeon
  4904 | D:5      | Noticed Blork the orc
  4928 | D:5      | Killed Blork the orc
  4928 | D:5      | Reached XP level 7. HP: 9/36 MP: 9/9
  5165 | D:5      | Learned a level 3 spell: Regeneration
  5594 | D:5      | Reached skill level 1 in Charms
  6043 | D:5      | Noticed Eustachio
  6371 | D:5      | Noticed Pikel
  6856 | D:5      | Banished Pikel
  6856 | D:5      | Reached XP level 8. HP: 32/41 MP: 10/10
  6916 | D:5      | Killed Eustachio
  6916 | D:5      | Reached skill level 5 in Dodging
  7016 | D:6      | Reached * piety under Hepliaklqana
  7043 | D:6      | Got a shimmering flail
  7083 | D:6      | Found a stormy altar of Qazlal.
  7151 | D:6      | Reached skill level 5 in Short Blades
  7177 | D:6      | Found a shadowy altar of Dithmenos.
  7304 | D:6      | Found a sparkling altar of Nemelex Xobeh.
  7323 | D:6      | Reached skill level 5 in Armour
  7666 | D:7      | Found a shattered altar of Ashenzari.
  7675 | D:7      | Reached XP level 9. HP: 43/45 MP: 11/11
  7917 | D:7      | Noticed a hippogriff
  7946 | D:7      | Killed a hippogriff
  8390 | D:8      | Found a hide-covered altar of Uskayaw.
  8503 | D:8      | Reached ** piety under Hepliaklqana
  8504 | D:8      | Remembered your ancestor Baka as a knight
  8629 | D:8      | Noticed a two-headed ogre
  9078 | D:9      | Reached XP level 10. HP: 46/50 MP: 12/12
  9138 | D:9      | Found a staircase to the Lair.
  9233 | D:9      | Found a sacrificial altar of Ru.
  9336 | D:9      | Identified the +7 flail of Oqexini {pain, rPois rF+} (You found it on level 6 of the Dungeon)
  9504 | D:9      | Found a shimmering altar of Xom.
  9549 | D:9      | Found a white marble altar of Elyvilon.
  9779 | D:9      | Found a shimmering altar of Xom.
  9871 | D:9      | Learned a level 2 spell: Repel Missiles
  9896 | D:9      | Reached *** piety under Hepliaklqana
 10047 | Lair:1   | Entered Level 1 of the Lair of Beasts
 10059 | Lair:1   | Noticed a komodo dragon
 10071 | Lair:1   | Reached skill level 1 in Invocations
 10082 | Lair:1   | Banished a komodo dragon
 10098 | Lair:1   | Noticed a black mamba
 10110 | Lair:1   | Killed a black mamba
 10212 | Lair:1   | Noticed a four-headed hydra
 10271 | Lair:1   | Killed a four-headed hydra
 10271 | Lair:1   | Reached XP level 11. HP: 24/54 MP: 11/13
 10466 | Lair:1   | Reached skill level 10 in Short Blades
 10657 | Lair:1   | Reached skill level 10 in Dodging
 10914 | Lair:1   | Noticed Harold
 10960 | Lair:1   | Killed Harold
 11155 | Lair:2   | Noticed Urug
 11388 | Lair:1   | Reached skill level 10 in Armour
 11430 | Lair:2   | Noticed a five-headed hydra
 11543 | Lair:2   | Learned a level 2 spell: Blink
 11629 | Lair:2   | Killed a five-headed hydra
 11629 | Lair:2   | Reached skill level 1 in Translocations
 11650 | Lair:2   | Killed Urug
 11786 | Lair:2   | Reached XP level 12. HP: 59/59 MP: 14/14
 12129 | Lair:2   | Reached skill level 5 in Translocations
 12438 | Lair:3   | Noticed a five-headed hydra
 12455 | Lair:3   | Killed a five-headed hydra
 12585 | Lair:3   | Found a staircase to the Snake Pit.
 13255 | Lair:3   | Reached skill level 1 in Fighting
 13298 | Lair:4   | Reached **** piety under Hepliaklqana
 13488 | Lair:4   | Found a staircase to the Shoals.
 13609 | Lair:4   | Reached XP level 13. HP: 72/72 MP: 15/15
 13750 | Lair:4   | Reached skill level 5 in Fighting
 14063 | Lair:4   | Found a shattered altar of Ashenzari.
 14945 | Lair:6   | Entered Level 6 of the Lair of Beasts
 15106 | Lair:6   | Reached skill level 5 in Invocations
 15560 | D:10     | Entered Level 10 of the Dungeon
 15617 | D:10     | Found a portal to a secret trove of treasure.
 15624 | D:10     | Reached ***** piety under Hepliaklqana
 16179 | D:10     | Got an ebony short sword
 16181 | D:10     | Identified the cursed +1 short sword "Yloed" {speed, *Slow rElec rC+++ MR-} (You found it on level 10 of the Dungeon)
 16405 | D:11     | Noticed a centaur warrior
 16504 | D:11     | Found a staircase to the Orcish Mines.
 16507 | D:11     | Found Waewonoq's Weapon Shop.
 16550 | Orc:1    | Entered Level 1 of the Orcish Mines
 17012 | Orc:1    | Found Ugyeruz's Antique Armour Emporium.
 17219 | Orc:2    | Entered Level 2 of the Orcish Mines
 17554 | Orc:2    | Reached XP level 14. HP: 31/81 MP: 9/17
 17697 | Orc:2    | Noticed a stone giant
 18072 | Orc:2    | Banished a stone giant
 18072 | Orc:2    | Reached skill level 1 in Long Blades
 18409 | Orc:2    | Found a staircase to the Elven Halls.
 18598 | Orc:2    | Found Waoruon's General Store.
 18600 | Orc:2    | Found Fetwoh's Distillery.
 18718 | Orc:2    | Reached skill level 5 in Charms
 18928 | Orc:2    | Bought a potion of heal wounds for 50 gold pieces
 19382 | Orc:2    | Paralysed by an orc sorcerer for 7 turns
 19402 | Orc:2    | Mangled by a sun demon

Vault maps used:
D:1:      onia_arrival_handbag, minivault_4
D:2:      lemuel_doored_altar, nrook_uturn, uniq_crazy_yiuf_cottage
D:3:      old_standard_altar, gammafunk_temple_overflow_statue
D:4:      okawaru_ov_weapons_minmay, serial_shops, kennysheep_mini_moat,
          first_bread
D:5:      uniq_eustachio, uniq_pikel, uniq_blork_the_orc
D:6:      overflow_temple_1_default, kennysheep_little_box,
          nemelex_xobeh_ov_fountains_minmay, grunt_decor_resistance, uniq_edmund
D:7:      basic_altar
D:8:      overflow_temple_1_default
D:9:      lemuel_crystal_altar, marbit_many_paths, old_standard_altar,
          lair_entry_dummy, grunt_livestock, minmay_guarded_unrand_variability
D:10:     nicolae_trove_entry_crossroad
D:11:     orc_david_3
Lair:1:   lemuel_fruit_fields, grunt_megastairs_2, uniq_harold
Lair:2:   st_stairs_12, small_statue_intersection, beast_lair_carwin_2,
          uniq_urug
Lair:3:   minmay_snake_entry_guardpost_medium, lightli_volcano_entry_magma_tube,
          serial_forest, infiniplex_forest_lined_3,
          infiniplex_forest_clump_double, infiniplex_forest_lined_room_,
          infiniplex_forest_lined_3, infiniplex_forest_end_1,
          infiniplex_forest_lined_2, infiniplex_forest_corner_1,
          infiniplex_forest_clump_small, st_stairs_8, pond
Lair:4:   minmay_shoals_entry_beasts, basic_altar, serial_bayou_shore_b,
          grunt_megastairs_5, minmay_lair_oklob_chamber,
          infiniplex_staircase_pool_2
Lair:5:   lab_entry_generic, grunt_megastairs_1
Lair:6:   evilmike_catoblepas_cave, minmay_slime_entry_jelly_boxes,
          grunt_megastairs_4
Orc:1:    serial_shops, shop
Orc:2:    pf_orc_diabolical, mines3_lemuel

Skill      XL: |  1  2  3  4  5  6  7  8  9 10 11 12 13 14 |
---------------+-------------------------------------------+-----
Necromancy     | 4 5 |  5.4
Short Blades   | 2 4 5 7 9 11 12 | 12.2
Armour         | 2 4 5 7 8 10 11 12 13 | 13.1
Dodging        | 3 4 5 7 9 10 11 12 13 | 13.6
Charms         | 2 3 4 5 |  5.0
Invocations    | 2 5 |  5.0
Translocations | 3 5 |  5.0
Fighting       | 4 6 |  6.8
Long Blades    | 3 |  3.9
Stealth        | |  2.5
Spellcasting   | |  1.5

Action                   |  1- 3 |  4- 6 |  7- 9 | 10-12 | 13-15 || total
-------------------------+-------+-------+-------+-------+-------++-------
Melee: Dagger            |    37 |    16 |       |       |       ||    53
       Unarmed           |     1 |       |       |       |       ||     1
       Short sword       |       |    44 |   281 |   639 |   858 ||  1822
Throw: Stone             |     9 |    15 |       |     2 |       ||    26
       Throwing net      |       |       |       |     1 |       ||     1
 Cast: Pain              |    77 |    95 |     8 |       |       ||   180
       Animate Dead      |       |     3 |     1 |       |       ||     4
       Animate Skeleton  |       |     2 |       |       |       ||     2
       Regeneration      |       |       |     1 |    18 |    33 ||    52
       Repel Missiles    |       |       |       |     2 |     1 ||     3
Invok: Ancestor Identity |       |     1 |       |       |       ||     1
       Recall Ancestor   |       |       |     1 |     5 |     4 ||    10
       Ancestor Life: Kn |       |       |     1 |       |       ||     1
       Transference      |       |       |       |     4 |     3 ||     7
       Idealise          |       |       |       |       |     3 ||     3
Evoke: Wand              |       |       |       |     2 |     2 ||     4
       Sack of spiders   |       |       |       |       |     1 ||     1
  Use: Scroll            |       |     5 |     4 |     6 |    13 ||    28
       Potion            |       |     2 |     1 |     3 |     8 ||    14
 Stab: Sleeping          |     2 |     1 |       |     4 |     6 ||    13
       Distracted        |       |       |     3 |     7 |     6 ||    16
  Eat: Chunk             |     5 |    10 |    10 |    17 |    21 ||    63
       Beef jerky        |       |     1 |       |       |     2 ||     3
       Meat ration       |       |       |     1 |       |       ||     1
       Fruit             |       |       |       |     3 |       ||     3
Armor: Robe              |     5 |     7 |       |       |       ||    12
       Leather armour    |       |       |     6 |       |       ||     6
       Scale mail        |       |       |    40 |       |       ||    40
       Chain mail        |       |       |    23 |       |       ||    23
       Steam dragon scal |       |       |     3 |    50 |    76 ||   129
Dodge: Dodged            |    32 |    74 |   171 |   408 |   653 ||  1338
       Deflected         |       |       |       |     5 |     3 ||     8
